Workbook

Sheet Tab 1 - Reporting Overview
A1: Award #:
G2: Recipient Name:
A3: Reporting Period: | B3: 45627 | C3: - | D3: [SELECT]
G4: Report #: | I4: Claim #: | J4: =CONCATENATE(B1,H4)
A5: Activity Date Range: | B5: 45627 | C5: - | D5: [SELECT]
A7: Training Summary for This Reporting Period | G7: Summary of Key Activities and Performance Achievements
A8: Measure | D8: Response
A9: # of Training Classes Conducted | D9: 0
A10: # of Participants Trained | D10: 0
A12: Expenditure Summary for This Reporting Period
A13: Budget Category | D13: Category Total
A14: Personnel | D14: ='Tab 2 - Personnel Expenses'!G27 -> 0
A15: Fringe Benefits | D15: ='Tab 3 - Fringe Benefits'!J27 -> 0
A16: Travel | D16: ='Tab 4 - Travel'!J27 -> 0
A17: Equipment (OCO) | D17: ='Tab 5 - Equipment'!I27 -> 0
A18: Supplies | D18: ='Tab 6 - Supplies'!I27 -> 0
A19: Other Costs | D19: ='Tab 7 - Other Costs'!F25 -> 0 | G19: Barriers or Difficulties Encountered
A20: TOTAL: | D20: =SUM(D14:E19) -> 0
A22: I hereby certify that the information presented is true and valid and incurred in accordance with the agreement.
G24: Activities Planned for Next Reporting Period
A25: Completed By:
A27: Date:
A30: FLAIR Remittance Address
A31: Payee Name:
A32: Address 1: | G32: FDLE USE ONLY
A33: Address 2: | G33: Total Request: | H33: =D20 -> 0 | I33: =CONCATENATE(J4," Net Payable") -> Net Payable
A34: City, State, Zip Code | G34: Charged to Cash Advance: | H34: 0 | I34: =SUM(D14:E19)-H34 -> 0
A35: FLAIR Vendor #: | G35: GAII Signature/Date:
G36: Approval Signature/Date:

Sheet Tab 2 - Personnel Expenses
A2: Award #: | B2: ='Tab 1 - Reporting Overview'!B1 -> 0 | C2: Recipient: | D2: ='Tab 1 - Reporting Overview'!H2 -> 0
A4: Report #: | B4: ='Tab 1 - Reporting Overview'!H4 -> 0 | C4: Reporting Period: | D4: ='Tab 1 - Reporting Overview'!B3 -> 45627 | E4: to | F4: ='Tab 1 - Reporting Overview'!D3 -> [SELECT]
A6: Claim #: | B6: =CONCATENATE(B2,B4) -> 00 | C6: Activity Date Range: | D6: ='Tab 1 - Reporting Overview'!B5 -> 45627 | E6: to | F6: ='Tab 1 - Reporting Overview'!D5 -> [SELECT]
A8: DETAIL OF PERSONNEL COSTS (Salaries/Overtime)
A9: Employee Name | B9: Position Title | C9: Description of Activities | D9: Dates of work performed | E9: Total Hours Worked | F9: Date Paid (must fall within the Reporting Period) | G9: Amount Paid
G10: 0
G11: 0
G12: 0
G13: 0
G14: 0
G15: 0
G16: 0
G17: 0
G18: 0
G19: 0
G20: 0
G21: 0
... G26: 0
A27: Total Personnel: | G27: =SUM(G10:G26) -> 0

Sheet Tab 3 - Fringe Benefits
B2: Award #: | C2: ='Tab 1 - Reporting Overview'!B1 -> 0 | G2: Recipient: | H2: ='Tab 1 - Reporting Overview'!H2 -> 0
B4: Request #: | C4: ='Tab 1 - Reporting Overview'!H4 -> 0 | G4: Reporting Period: | H4: ='Tab 1 - Reporting Overview'!B3 -> 45627 | I4: to | J4: ='Tab 1 - Reporting Overview'!D3 -> [SELECT]
B6: Claim #: | C6: =CONCATENATE(C2,C4) -> 00 | E6: Activity Date Range: | H6: ='Tab 1 - Reporting Overview'!B5 -> 45627 | I6: to | J6: ='Tab 1 - Reporting Overview'!D5 -> [SELECT]
B8: DETAIL OF FRINGE BENEFITS
B9: Employee Name | C9: Position Title | D9: Date Paid | E9: FICA | F9: Retirement | G9: Worker's Comp | H9: Other | I9: If other, please explain | J9: Total Benefits
J10: =SUM(E10:H10) -> 0
J11: =SUM(E11:H11) -> 0
J12: =SUM(E12:H12) -> 0
J13: =SUM(E13:H13) -> 0
J14: =SUM(E14:H14) -> 0
J15: =SUM(E15:H15) -> 0
J16: =SUM(E16:H16) -> 0
J17: =SUM(E17:H17) -> 0
J18: =SUM(E18:H18) -> 0
J19: =SUM(E19:H19) -> 0
J20: =SUM(E20:H20) -> 0
J21: =SUM(E21:H21) -> 0
... J26: =SUM(E26:H26) -> 0
B27: Fringe Benefit Cost Total: | J27: =SUM(J10:J26) -> 0

Sheet Tab 4 - Travel
A2: Award #: | B2: ='Tab 1 - Reporting Overview'!B1 -> 0 | D2: Recipient: | E2: ='Tab 1 - Reporting Overview'!H2 -> 0
A4: Request #: | B4: ='Tab 1 - Reporting Overview'!H4 -> 0 | D4: Reporting Period: | E4: ='Tab 1 - Reporting Overview'!B3 -> 45627 | G4: to | H4: ='Tab 1 - Reporting Overview'!D3 -> [SELECT]
A6: Claim #: | B6: =CONCATENATE(B2,B4) -> 00 | C6: Activity Date Range: | E6: ='Tab 1 - Reporting Overview'!B5 -> 45627 | G6: to | H6: ='Tab 1 - Reporting Overview'!D5 -> [SELECT]
A8: DETAIL OF TRAVEL
A9: Employee name and title | B9: Travel point of origin to destination | C9: Purpose of travel (i.e. training, case # or conference) | D9: Dates of travel with hours of departure and return | E9: Meals | F9: Hotel | G9: Mileage (total miles x $.445/mi) | H9: Other | I9: If other, please explain | J9: Amount Paid
J10: =SUM(E10:H10) -> 0
J11: =SUM(E11:H11) -> 0
J12: =SUM(E12:H12) -> 0
J13: =SUM(E13:H13) -> 0
J14: =SUM(E14:H14) -> 0
J15: =SUM(E15:H15) -> 0
J16: =SUM(E16:H16) -> 0
J17: =SUM(E17:H17) -> 0
J18: =SUM(E18:H18) -> 0
J19: =SUM(E19:H19) -> 0
J20: =SUM(E20:H20) -> 0
J21: =SUM(E21:H21) -> 0
... J26: =SUM(E26:H26) -> 0
A27: Travel Total: | J27: =SUM(J10:J26) -> 0

Sheet Tab 5 - Equipment
A2: Award #: | B2: ='Tab 1 - Reporting Overview'!B1 -> 0 | E2: Recipient: | F2: ='Tab 1 - Reporting Overview'!H2 -> 0
A4: Request #: | B4: ='Tab 1 - Reporting Overview'!H4 -> 0 | E4: Reporting Period: | F4: ='Tab 1 - Reporting Overview'!B3 -> 45627 | G4: to | H4: ='Tab 1 - Reporting Overview'!D3 -> [SELECT]
A6: Claim #: | B6: =CONCATENATE(B2,B4) -> 00 | C6: Activity Date Range: | F6: ='Tab 1 - Reporting Overview'!B5 -> 45627 | G6: to | H6: ='Tab 1 - Reporting Overview'!D5 -> [SELECT]
A8: DETAIL OF EQUIPMENT
A9: Vendor name | B9: Description of Item | C9: Quantity | D9: Unit Price | E9: Other Cost (i.e taxes, shipping, etc.) | F9: If other, please explain | G9: Date Paid | H9: Check # or CC # | I9: Total charged to project
I10: =C10*D10+E10 -> 0
I11: =C11*D11+E11 -> 0
I12: =C12*D12+E12 -> 0
I13: =C13*D13+E13 -> 0
I14: =C14*D14+E14 -> 0
I15: =C15*D15+E15 -> 0
I16: =C16*D16+E16 -> 0
I17: =C17*D17+E17 -> 0
I18: =C18*D18+E18 -> 0
I19: =C19*D19+E19 -> 0
I20: =C20*D20+E20 -> 0
I21: =C21*D21+E21 -> 0
... I26: =C26*D26+E26 -> 0
A27: Equipment Total: | I27: =SUM(I10:I26) -> 0

Sheet Tab 6 - Supplies
A2: Award #: | B2: ='Tab 1 - Reporting Overview'!B1 -> 0 | E2: Recipient: | F2: ='Tab 1 - Reporting Overview'!H2 -> 0
A4: Request #: | B4: ='Tab 1 - Reporting Overview'!H4 -> 0 | E4: Reporting Period: | F4: ='Tab 1 - Reporting Overview'!B3 -> 45627 | G4: to | H4: ='Tab 1 - Reporting Overview'!D3 -> [SELECT]
A6: Claim #: | B6: =CONCATENATE(B2,B4) -> 00 | C6: Activity Date Range: | F6: ='Tab 1 - Reporting Overview'!B5 -> 45627 | G6: to | H6: ='Tab 1 - Reporting Overview'!D5 -> [SELECT]
A8: DETAIL OF SUPPLIES
A9: Vendor name | B9: Description of Item | C9: Quantity | D9: Unit Price | E9: Other (i.e taxes, shipping, etc.) | F9: If other, please explain | G9: Date Paid | H9: Check # or CC # | I9: Total charged to project
I10: =C10*D10+E10 -> 0
I11: =C11*D11+E11 -> 0
I12: =C12*D12+E12 -> 0
I13: =C13*D13+E13 -> 0
I14: =C14*D14+E14 -> 0
I15: =C15*D15+E15 -> 0
I16: =C16*D16+E16 -> 0
I17: =C17*D17+E17 -> 0
I18: =C18*D18+E18 -> 0
I19: =C19*D19+E19 -> 0
I20: =C20*D20+E20 -> 0
I21: =C21*D21+E21 -> 0
... I26: =C26*D26+E26 -> 0
A27: Supplies Total: | I27: =SUM(I10:I26) -> 0

Sheet Tab 7 - Other Costs
A2: Award #: | B2: ='Tab 1 - Reporting Overview'!B1 -> 0 | C2: Recipient: | D2: ='Tab 1 - Reporting Overview'!H2 -> 0
A4: Request #: | B4: ='Tab 1 - Reporting Overview'!H4 -> 0 | C4: Reporting Period: | D4: ='Tab 1 - Reporting Overview'!B3 -> 45627 | E4: to | F4: ='Tab 1 - Reporting Overview'!D3 -> [SELECT]
A6: Claim #: | B6: =CONCATENATE(B2,B4) -> 00 | C6: Activity Date Range: | D6: ='Tab 1 - Reporting Overview'!B5 -> 45627 | E6: to | F6: ='Tab 1 - Reporting Overview'!D5 -> [SELECT]
A8: DETAIL OF OTHER COST
A9: Vendor name | C9: Description of Item (Include quantity, price, shipping, and taxes) | D9: Date Paid | E9: Check # or CC # | F9: Total charged to project
F10: 0
F11: 0
F12: 0
F13: 0
F14: 0
F15: 0
F16: 0
F17: 0
F18: 0
F19: 0
F20: 0
F21: 0
... F24: 0
A25: Other Cost Total: | F25: =SUM(F10:F24) -> 0
